 Dungeon Crawl Stone Soup version 0.18-a0-1481-g708b138 (webtiles) character file.

7 Duffy the Firebug (level 1, 14/14 HPs)
             Began as a Draconian Fire Elementalist on Mar 3, 2016.
             Quit the game on level 1 of the Dungeon.
             The game lasted 00:00:37 (254 turns).

Duffy the Firebug (Draconian Fire Elementalist)      Turns: 254, Time: 00:00:37

Health: 14/14      AC:  4    Str: 10    XL:     1   Next: 91%
Magic:  1/3        EV: 12    Int: 15    God:
Gold:   3          SH:  0    Dex: 11    Spells: 1 memorised, 3 levels left

rFire  . . .     SeeInvis .     j - -2 short sword (curse)
rCold  . . .     Gourm    .     (armour unavailable)
rNeg   . . .     Faith    .     (no shield)
rPois  .         Spirit   .     (helmet restricted)
rElec  .         Dismiss  .     (no cloak)
rCorr  .         Reflect  .     (no gloves)
SustAt .         Harm     .     (no boots)
MR     .....                    (no amulet)
Stlth  ++........               (no ring)
                                (no ring)

@: very slightly contaminated, not resistant to hostile enchantments, unstealthy
A: unfitting armour, cold-blooded, AC +4
a: no special abilities


You were on level 1 of the Dungeon.
You were not hungry.

You visited 1 branch of the dungeon, and saw 1 of its levels.

You collected 3 gold pieces.


Innate Abilities, Weirdness & Mutations

Your plain brown scales are hard (AC +4).
Your body does not fit into most forms of armour.
You are cold-blooded and may be slowed by cold attacks.


   Skills:
 - Level 1.7 Dodging
 - Level 1.7 Stealth
 - Level 2.0 Spellcasting
 + Level 2.0 Conjurations
 - Level 3.0 Fire Magic


You had 3 spell levels left.
You knew the following spells:

 Your Spells              Type           Power        Failure   Level  Hunger
a - Flame Tongue          Conj/Fire      #....        10%         1    #......

Inventory:

Hand Weapons
 j - a cursed -2 short sword (weapon)
Scrolls
 c - a scroll of random uselessness {unknown}
 d - a scroll of recharging {unknown}
 h - a scroll of teleportation {unknown}
 i - a scroll of identify {unknown}
Potions
 e - a potion of invisibility {unknown}
 f - a potion of curing {unknown}
Books
 a - a book of Flames
Comestibles
 b - 3 bread rations
 g - a meat ration

Dungeon Overview and Level Annotations

Branches:
Dungeon (1/15)

Altars:
Okawaru


Message History

You can't see any susceptible monsters within range! (Use Z to cast anyway.)
Found a robe.
Cast which spell? (? or * to list)
Aiming: Flame Tongue
Press: ? - help, Shift-Dir - straight line, f - bat
Aim: a bat (resting)
You miscast Flame Tongue.
You are very lightly contaminated with residual magic.
Nothing appears to happen.
Cast which spell? (? or * to list)
Aiming: Flame Tongue
Press: ? - help, Shift-Dir - straight line, f/p - bat
Aim: a bat (resting)
You miscast Flame Tongue.
Nothing appears to happen.
The bat hits you.
Cast which spell? (? or * to list)
You don't have enough magic to cast that spell.
Cast which spell? (? or * to list)
You don't have enough magic to cast that spell.
Cast which spell? (? or * to list)
You don't have enough magic to cast that spell.
The bat hits you but does no damage. The bat completely misses you.
The bat barely misses you.
You see here a short sword.
The bat hits you but does no damage. The bat barely misses you.
You see here a glowing short sword.
j - a glowing short sword The bat hits you but does no damage.
Wield which item (- for none, * to show all)? (? for menu, Esc to quit)
It sticks to your hand!
j - a cursed -2 short sword (weapon)
Are you sure you want to abandon this character and quit the game? (Confirm with "yes".)
Okay, then.
Are you sure you want to abandon this character and quit the game? (Confirm with "yes".)

...#......... .....#
............ ...[..#
..#......#.. .......
#.#.....###. .......
#.#......... .......
#.#...#.).). .......
#....##.._..
.......################..#.).).
............)b@................
......%#################...###.
....... ##...#.. .......
##..... ....... ##.... .......
##### ......# .....#


You could see a bat.

Action                   || total
-------------------------++-------
 Cast: Flame Tongue      ||     8

Notes
Turn   | Place    | Note
--------------------------------------------------------------
     0 | D:1      | Duffy the Draconian Fire Elementalist began the quest for the Orb.
     0 | D:1      | Reached XP level 1. HP: 14/14 MP: 3/3
   192 | D:1      | Found an iron altar of Okawaru.
   241 | D:1      | Reached skill level 2 in Conjurations
   254 | D:1      | Quit the game

Vault maps used:
D:1:      lemuel_arrival_broad_hall, okawaru_ov_weapons_minmay

Vanquished Creatures
  A dart slug
  2 bats
  3 giant newts
6 creatures vanquished.
